 Dungeon Crawl Stone Soup version 0.26-a0-649-gf8c6c3aab7 (webtiles) character file.

Game seed: 13252707696169869048

11277 Birun the Geomancer (level 11, -5/66 HPs)
             Began as a Gargoyle Earth Elementalist on Sept 26, 2020.
             Was a Believer of Vehumet.
             Slain by a spectral death yak (15 damage)
             ... in a Gauntlet.
             The game lasted 00:31:40 (12093 turns).

Birun the Geomancer (Gargoyle Earth Elementalist)  Turns: 12093, Time: 00:31:40

Health: -5/66      AC: 15    Str: 14    XL:     11   Next: 75%
Magic:  5/30       EV: 13    Int: 19    God:    Vehumet [**....]
Gold:   1558       SH:  0    Dex: 10    Spells: 15/24 levels left

rFire    + . .     SeeInvis .   r - +5 trident (freeze)
rCold    . . .     Faith    .   (no shield)
rNeg     + . .     Spirit   .   h - +1 troll leather armour {Purgy}
rPois    ∞         Reflect  .   (helmet restricted)
rElec    +         Harm     .   F - +0 cloak
rCorr    .         Rampage  .   (no gloves)
MR       .....     NoTele   +   (no boots)
Stlth    +++.......             J - amulet of the acrobat
HPRegen  0.61/turn              e - ring of stealth
MPRegen  0.22/turn              B - ring of magical power

@: mighty, stab, slowed, very slow
A: antennae 1, fire resistance 1, negative energy resistance 1, electricity
resistance, strong 1, unbreathing, petrification resistance, rot immunity, AC +8
a: Renounce Religion


You were in a Gauntlet.
You worshipped Vehumet.
Vehumet was pleased with you.
You visited 2 branches of the dungeon, and saw 12 of its levels.
You also visited: Ossuary and Gauntlet.

You collected 1558 gold pieces.

Inventory:

Hand Weapons
 r - a +5 trident of freezing (weapon)
 t - a +2 dire flail of draining
 D - a +0 morningstar of electrocution
Missiles
 b - 173 stones (quivered)
Armour
 h - a +1 troll leather armour (worn) {Purgy}
 j - a +0 helmet
 F - a +0 cloak (worn)
 L - the +3 leather armour of Courage {rPois rN+}
   (You found it on level 10 of the Dungeon)

   It protects you from poison.
   It protects you from negative energy.
Jewellery
 e - a ring of stealth (left hand)
 y - an uncursed ring of flight
 B - a ring of magical power (right hand)
 G - an uncursed ring of fire
 J - an amulet of the acrobat (around neck)
 M - an uncursed ring of fire
Wands
 w - a wand of paralysis (15)
 E - a wand of flame (10)
Scrolls
 c - 4 scrolls of magic mapping
 d - a scroll of identify
 f - 4 scrolls of fog
 m - 6 scrolls of remove curse
 n - 5 scrolls of teleportation
 o - a scroll of blinking
 p - a scroll of immolation
 q - 3 scrolls of amnesia
Potions
 a - a potion of magic
 i - 2 potions of flight
 l - a potion of heal wounds
 s - a potion of cancellation
 u - a potion of haste
 v - 2 potions of brilliance
 x - 3 potions of curing
 z - 2 potions of ambrosia
 A - 2 potions of resistance
 C - a potion of lignification
 H - a potion of mutation
 K - 2 potions of berserk rage
Miscellaneous
 g - a lightning rod (3/4)


   Skills:
 + Level 6.5 Fighting
 + Level 6.0 Maces & Flails
 - Level 6.0 Armour
 + Level 5.4 Dodging
 - Level 2.1 Stealth
 + Level 7.2 Spellcasting
 + Level 7.9 Conjurations
   Level 0.7 Transmutations
 + Level 9.8 Earth Magic
 + Level 4.1 Evocations


You had 15 spell levels left.
You knew the following spells:

 Your Spells              Type           Power        Failure   Level
a - Sandblast             Erth           #####.       1%          1
b - Stone Arrow           Conj/Erth      #####.       1%          3
c - Lee's Rapid Deconstr  Erth           #####.....   6%          5

Your spell library contained the following spells:

 Spells                   Type           Power        Failure   Level
 Ignite Poison            Fire/Tmut/Pois #.......     32%         3
 Passwall                 Tmut/Erth      ####....     1%          2
 Iskenderun's Battlesphe  Conj           #####...     13%         5
 Petrify                  Tmut/Erth      ####....     14%         4
 Bolt of Magma            Conj/Fire/Erth ####......   28%         5
 Confusing Touch          Hex            #.......     36%         3
 Gell's Gravitas          Tloc           #.........   36%         3
 Iron Shot                Conj/Erth      #####.....   43%         6
 Cause Fear               Hex            #.........   77%         4
 Yara's Violent Unravell  Hex/Tmut       #.........   96%         5
 Metabolic Englaciation   Hex/Ice        #.........   98%         5
 Silence                  Hex/Air        #.........   98%         5
 Orb of Destruction       Conj           #####.....   98%         7
 Spellforged Servitor     Conj/Summ      ###.......   100%        7
 Discord                  Hex            #.........   100%        8


Dungeon Overview and Level Annotations

Branches:
Dungeon (11/15)            Temple (1/1) D:7            Lair (0/6) D:8
Ossuary (visited)         Gauntlet (1/1)
    Orc: D:9-12

Altars:
Cheibriados
Dithmenos
Elyvilon
Fedhas
Kikubaaqudgha
Makhleb
Nemelex Xobeh
Okawaru
Qazlal
Ru
Sif Muna
Trog
Uskayaw
Vehumet
Yredelemnul
Zin
The Shining One

Shops:
D:4 =

Annotations:
D:3 1 runed translucent door, hemabe71's ghost, novice HuAr Gauntlet 7 transporters, exclusion: oklob plant


Innate Abilities, Weirdness & Mutations

You are resistant to torment.
Your stone body is resilient. (AC +8)
You are immune to poison.
You resist negative energy. (rN+)
You are resistant to electric shocks. (rElec)
You can survive without breathing.
You are immune to petrification.
You are immune to rotting.
You have a pair of small antennae on your head.
Your flesh is heat resistant. (rF+)
Your muscles are strong. (Str +2)


Message History

The spectral dream sheep bites you.
The spectral death yak barely misses you.
The spectral dream sheep bites you but does no damage.
You impale the spectral dream sheep!! You freeze the spectral dream sheep.
You destroy the spectral dream sheep!
Vehumet accepts your kill. The death scarab barely misses you.
The spectral death yak barely misses you. x2
You puncture the spectral death yak! You freeze the spectral death yak.
The spectral death yak is heavily damaged.
The death scarab bites you! The death scarab drains your vigour!
You feel as though you will be slow longer.
The death scarab bites you but does no damage.
The spectral death yak gores you but does no damage.
The death scarab bites you!
* * * LOW HITPOINT WARNING * * *
The death scarab drains your vigour!
You feel as though you will be slow longer.
The spectral death yak gores you!
You die...

#....#.∩.....................
#...©#..#########..#########.
#....#..#...Z##.#..##.#.#.##.
...###..##.^##..#..#?#.#.#.#.
#.. #≈..###.#.^.#####=#©#.###
#. ##..#©##.##Z#©©#D#.#.#.#©
#≈..#$^.#.#######.#P#.###
##..#.!##Z.##..#D#.#.#.#.
#≈..#[##@s..#..##.#.#.##.
##..#########..#########.
#§.......................
##.......................
#≈#≈#≈#≈#§#≈#≈#≈#≈#≈#≈#≈
########################


You could see a spectral death yak, a spectral cane toad and a death scarab.

Vanquished Creatures
  2 two-headed ogres (D:10)
  A tengu warrior (Gauntlet)
  A death scarab (Gauntlet)
  An unseen horror (D:10)
  Joseph (D:8)
  Psyche (D:9)
  2 tengu conjurers (Gauntlet)
  Grinder (D:3)
  2 trolls
  A spectral dream sheep (Gauntlet)
  Prince Ribbit (D:6)
  A hippogriff (D:9)
  A spectral black mamba (Gauntlet)
  Sigmund (D:6)
  A human (D:9)
  A wyvern (D:8)
  A yak (D:7)
  5 porcupines
  Purgy (D:3)
  4 ice beasts
  A sky beast (D:10)
  A black bear (D:6)
  An orc warrior (D:7)
  An eye of draining (D:10)
  4 phantoms
  2 ogres (D:6)
  2 centaurs (D:8)
  Blork the orc (D:6)
  5 bullfrogs
  A gnoll sergeant (D:5)
  2 wyvern zombies
  6 scorpions
  2 water moccasin zombies
  6 killer bees (D:7)
  4 wights (D:7)
  2 howler monkeys (D:7)
  2 electric eels (D:6)
  5 bullfrog zombies (Ossuary)
  8 hounds
  3 jellies
  3 orc priests
  A bullfrog skeleton (D:9)
  A centaur skeleton (D:4)
  3 iguanas
  A human skeleton (D:9)
  8 orc wizards
  3 worker ants
  A killer bee zombie (Ossuary)
  A hound zombie (Ossuary)
  11 mummies (Ossuary)
  5 worker ant zombies
  Robin (D:2)
  3 howler monkey zombies (Ossuary)
  7 gnolls (D:5)
  A howler monkey skeleton (D:5)
  12 adders
  2 shadow imps
  2 white imps
  2 ufetubi
  6 adder zombies (Ossuary)
  An adder skeleton (D:9)
  A leopard gecko (D:3)
  27 orcs
  A ball python (D:2)
  5 giant cockroaches
  16 goblins
  10 hobgoblins
  11 jackals
  5 quokkas
  8 bats
  5 frilled lizards
  4 kobolds
  A kobold skeleton (D:9)
  A leopard gecko zombie (D:6)
  A quokka zombie (D:7)
  7 rats
267 creatures vanquished.

Vanquished Creatures (others)
  A human (D:8)
  35 fungi (D:8)
  51 plants
  6 withered plants (Ossuary)
93 creatures vanquished.

Grand Total: 360 creatures vanquished

Notes
Turn   | Place    | Note
-------+----------+-------------------------------------------
     0 | D:1      | Birun the Gargoyle Earth Elementalist began the quest for
                  | the Orb.
     0 | D:1      | Reached XP level 1. HP: 10/10 MP: 3/3
   384 | D:1      | Reached skill level 4 in Earth Magic
   384 | D:1      | Reached XP level 2. HP: 5/15 MP: 0/5
   798 | D:1      | Found a glowing golden altar of the Shining One.
  1438 | D:1      | Reached XP level 3. HP: 13/19 MP: 3/6
  1443 | D:1      | Learned a level 3 spell: Stone Arrow
  1918 | D:2      | Noticed Robin
  1923 | D:2      | Killed Robin
  1940 | D:2      | Reached skill level 1 in Conjurations
  2385 | D:2      | Reached XP level 4. HP: 21/24 MP: 8/8
  3188 | D:3      | Reached skill level 5 in Earth Magic
  3188 | D:3      | Reached XP level 5. HP: 13/28 MP: 2/10
  3198 | D:3      | Learned a level 5 spell: Lee's Rapid Deconstruction
  3897 | D:3      | Noticed Purgy
  3905 | D:3      | Killed Purgy
  3905 | D:3      | Reached XP level 6. HP: 17/32 MP: 0/11
  4050 | D:3      | Noticed Grinder
  4058 | D:3      | Killed Grinder
  4058 | D:3      | Reached skill level 6 in Earth Magic
  4058 | D:3      | Reached XP level 7. HP: 24/36 MP: 3/13
  4271 | D:3      | Noticed hemabe71's ghost (novice HuAr)
  4272 | D:3      | Found a runed translucent door.
  4525 | D:3      | Gained mutation: You have a somewhat thin skeletal
                  | structure. (Dex +2, Stealth) [potion of mutation]
  4525 | D:3      | Gained mutation: Your body sometimes deteriorates upon
                  | taking damage. [potion of mutation]
  4525 | D:3      | Gained mutation: You have a pair of small antennae on your
                  | head. [potion of mutation]
  5365 | D:4      | Found Kolibroq's Jewellery Boutique.
  5420 | D:4      | Reached skill level 1 in Fighting
  5420 | D:4      | Reached skill level 1 in Armour
  5437 | D:4      | Reached skill level 1 in Maces & Flails
  5815 | D:5      | Entered Level 5 of the Dungeon
  5908 | D:5      | Reached XP level 8. HP: 43/43 MP: 15/15
  6342 | D:5      | Reached skill level 7 in Earth Magic
  6475 | D:6      | Found a sand-covered staircase.
  6478 | D:6      | Noticed Sigmund
  6513 | D:6      | Killed Sigmund
  6513 | D:6      | Reached skill level 5 in Spellcasting
  6538 | Ossuary  | Entered an ossuary
  6615 | Ossuary  | Reached skill level 5 in Conjurations
  6867 | Ossuary  | Reached XP level 9. HP: 50/50 MP: 16/16
  7139 | Ossuary  | Lost mutation: Your body sometimes deteriorates upon taking
                  | damage. [potion of mutation]
  7139 | Ossuary  | Lost mutation: You have a somewhat thin skeletal structure.
                  | (Dex +2, Stealth) [potion of mutation]
  7139 | Ossuary  | Gained mutation: Your flesh is heat resistant. (rF+)
                  | [potion of mutation]
  7139 | Ossuary  | Gained mutation: Your muscles are strong. (Str +2) [potion
                  | of mutation]
  7582 | D:6      | Noticed Prince Ribbit
  7600 | D:6      | Killed Prince Ribbit
  7607 | D:6      | Noticed Blork the orc
  7622 | D:6      | Killed Blork the orc
  7753 | D:6      | Reached skill level 8 in Earth Magic
  7976 | D:7      | Reached skill level 1 in Evocations
  8016 | D:7      | Found a staircase to the Ecumenical Temple.
  8024 | Temple   | Entered the Ecumenical Temple
  8048 | Temple   | Became a worshipper of Vehumet
  8437 | D:7      | Reached XP level 10. HP: 58/58 MP: 17/18
  8549 | D:7      | Identified a scroll of acquirement
  8549 | D:7      | Acquired 961 gold pieces
  8610 | D:7      | Found a sacrificial altar of Ru.
  8869 | D:8      | Noticed Joseph
  8872 | D:8      | Found a staircase to the Lair.
  8879 | D:8      | Reached skill level 5 in Armour
  8943 | D:7      | Reached skill level 5 in Fighting
  9045 | D:8      | Found an ancient bone altar of Kikubaaqudgha.
  9067 | D:7      | Reached * piety under Vehumet
  9067 | D:7      | Offered knowledge of Freeze by Vehumet.
  9225 | D:8      | Killed Joseph
  9612 | D:8      | Found the +7 Singing Sword {vorpal, sonic wave}
  9816 | D:8      | Reached skill level 9 in Earth Magic
  9952 | D:9      | Offered knowledge of Searing Ray by Vehumet.
  9979 | D:9      | Reached ** piety under Vehumet
 10067 | D:9      | Reached skill level 5 in Maces & Flails
 10098 | D:9      | Found a runed translucent door.
 10104 | D:9      | Found a basalt altar of Yredelemnul.
 10247 | D:9      | Noticed Psyche
 10252 | D:9      | Killed Psyche
 10252 | D:9      | Reached XP level 11. HP: 64/64 MP: 20/20
 10660 | D:10     | Entered Level 10 of the Dungeon
 10708 | D:10     | Killed an unseen horror
 10763 | D:10     | Noticed a two-headed ogre
 10771 | D:10     | Killed a two-headed ogre
 10771 | D:10     | Reached skill level 5 in Dodging
 10887 | D:10     | Noticed a two-headed ogre
 10894 | D:10     | Killed a two-headed ogre
 11697 | D:10     | Identified the +3 leather armour of Courage {rPois rN+}
                  | (You found it on level 10 of the Dungeon)
 11722 | D:11     | Found a gate leading to a gauntlet.
 11729 | Gauntlet | Entered a Gauntlet
 11729 | Gauntlet | Found a transporter.
 11729 | Gauntlet | Found a transporter.
 11729 | Gauntlet | Found a transporter.
 11729 | Gauntlet | Noticed a fire crab
 11729 | Gauntlet | Noticed a tengu warrior
 11740 | Gauntlet | Found a transporter.
 11742 | Gauntlet | Found a transporter.
 11747 | Gauntlet | Noticed an oklob plant
 11750 | Gauntlet | Found a transporter.
 11753 | Gauntlet | Found a transporter.
 11755 | Gauntlet | Noticed a death scarab
 11758 | Gauntlet | Noticed a spectral death yak
 11760 | Gauntlet | Noticed a death scarab
 11761 | Gauntlet | Found a transporter.
 11779 | Gauntlet | Noticed a necromancer
 11779 | Gauntlet | Noticed a death yak
 11780 | Gauntlet | Noticed a death yak
 11780 | Gauntlet | Noticed a death yak
 11781 | Gauntlet | Found a transporter.
 11781 | Gauntlet | Noticed a death yak
 11782 | Gauntlet | Noticed a death yak
 11798 | Gauntlet | Found a transporter.
 11801 | Gauntlet | Found a transporter.
 11811 | Gauntlet | Found a transporter.
 11900 | Gauntlet | Offered knowledge of Ignite Poison by Vehumet.
 11902 | Gauntlet | Killed a tengu warrior
 12084 | Gauntlet | Killed a death scarab
 12093 | Gauntlet | Slain by a spectral death yak

Illustrated notes

Levels and vault maps discovered:
D:1:      dpeg_arrival_rooms_c, layout_basic, tso_metal_star
D:2:      layout_rooms, uniq_robin
D:3:      layout_loops_corners, hellmonk_ghost_happy_afterlife, uniq_purgy,
          uniq_grinder
D:4:      layout_loops_corners, minmay_shop_enchanted_jewellery
D:5:      layout_rooms
D:6:      layout_rooms, serial_bayou, serial_bayou_pond_a, serial_bayou_shore_a,
          serial_bayou_pond_c, serial_bayou_pond_b, nicolae_ossuary_entry_ruins,
          uniq_sigmund, uniq_prince_ribbit1, uniq_blork_the_orc
D:7:      layout_basic, kennysheep_mini, minmay_temple_entry_wispy
D:8:      old_forge, layout_rooms, due_lair_maze_entry_diamond,
          tgw_kikubaaqudgha, uniq_joseph
D:9:      layout_loops_ring, dk_yredelemnul_ordeal, uniq_psyche
D:10:     layout_long_grid
D:11:     layout_layer_cave, serial_shops, nicolae_shop_waterfront,
          gauntlet_entry_generic, st_stairs_1, uniq_urug, uniq_erolcha,
          uniq_nergalle
Temple:   grunt_wide_crystal_templ
Gauntlet: minmay_gauntlet_mixed_big_or_small [nicolae_gauntlet_arena_grate_2,
          minmay_gauntlet_arena_77_tiled_triplets,
          nicolae_gauntlet_arena_flowing_pool,
          minmay_gauntlet_arena_77_checkered, nicolae_gauntlet_arena_blocks,
          minmay_gauntlet_arena_77_fan, gauntlet_exit_watery]

Skill      XL: |  1  2  3  4  5  6  7  8  9 10 11 |
---------------+----------------------------------+-----
Earth Magic    | 4 5 6 7 8 9 |  9.8
Conjurations   | 1 2 3 4 5 6 7 |  7.9
Spellcasting   | 3 4 5 6 7 |  7.2
Fighting       | 1 3 4 5 6 |  6.5
Armour         | 1 3 4 5 6 |  6.0
Maces & Flails | 1 2 4 5 6 |  6.0
Dodging        | 2 3 4 5 |  5.4
Evocations     | 1 3 4 |  4.1
Stealth        | |  2.1
Transmutations | |  0.7

Action                   |  1- 3 |  4- 6 |  7- 9 | 10-12 || total
-------------------------+-------+-------+-------+-------++-------
Melee: Unarmed           |     9 |       |       |       ||     9
       Club              |   119 |   113 |    61 |       ||   293
       Mace              |       |       |   133 |       ||   133
       Trident           |       |       |   263 |   321 ||   584
 Cast: Sandblast         |    28 |    27 |    38 |    12 ||   105
       Stone Arrow       |       |     2 |    18 |     9 ||    29
       Lee's Rapid Decon |       |       |     7 |    25 ||    32
Evoke: Wand              |       |       |     6 |     3 ||     9
       Lightning rod     |       |       |       |     1 ||     1
  Use: Potion            |     2 |     1 |     2 |     5 ||    10
       Scroll            |       |     7 |    13 |    13 ||    33
 Stab: Sleeping          |     3 |       |    12 |     5 ||    20
       Distracted        |       |       |     3 |       ||     3
Armor: Robe              |    61 |    43 |       |       ||   104
       Skin              |       |    22 |       |       ||    22
       Troll leather arm |       |       |   256 |   241 ||   497
Dodge: Dodged            |   124 |    89 |   318 |   314 ||   845

Table legend: (Time is in decaauts)
 A = Elapsed time spent in this place.
 B = Non-inter-level travel time spent in this place.
 C = Inter-level travel time spent in this place.
 D = Time resting spent in this place.
 E = Time spent auto-exploring this place.
 F = Levels seen in this place.
 G = Mean time per level.
                   A        B        C        D        E       F      G
               +--------+--------+--------+--------+--------+-----+--------+
         Total |  12465 |  12184 |    281 |   2738 |   6370 |  14 |  890.4 |
       Dungeon |  11277 |  11009 |    268 |   2423 |   6040 |  11 | 1025.2 |
        Temple |     37 |     24 |     13 |      0 |     18 |   1 |   37.0 |
       Ossuary |    777 |    777 |      0 |    267 |     85 |   1 |  777.0 |
      Gauntlet |    372 |    372 |      0 |     48 |    226 |   1 |  372.0 |
               +--------+--------+--------+--------+--------+-----+--------+

Top non-repeatable levels by time:
     D:1: 2025 daAuts
     D:3: 1955 daAuts
     D:7: 1196 daAuts
    D:10: 1082 daAuts
     D:4: 1066 daAuts
     D:2: 886 daAuts
     D:9: 793 daAuts
     D:8: 793 daAuts
 Ossuary: 777 daAuts
     D:6: 747 daAuts
     D:5: 718 daAuts
Gauntlet: 372 daAuts
  Temple: 37 daAuts
    D:11: 11 daAuts
